 Dungeon Crawl Stone Soup version 0.14-a0-3337-gf4615ed (webtiles) character file.

290 HollowCharge the Ruffian (level 4, -3/44 HPs)
             Began as an Ogre Transmuter on Mar 16, 2014.
             Slain by sohrabkorkchi's ghost (11 damage)
             ... on Level 4 of the Dungeon.
             The game lasted 00:10:45 (2948 turns).

HollowCharge the Ruffian (Ogre Transmuter)          Turns: 2948, Time: 00:10:46

HP  -3/44        AC  3     Str 15      XL: 4   Next: 74%
MP   9/9         EV 10     Int 12      God:
Gold 190         SH  0     Dex 11      Spells:  2 memorised,  5 levels left

rFire  . . .     SeeInvis .       - Unarmed
rCold  + . .     Clarity  .     c - +0 robe
rNeg   . . .     Conserve .     (shield restricted)
rPois  .         rCorr    .     (helmet restricted)
rElec  .         rRot     .     (no cloak)
SustAb . .       Spirit   .     (gloves unavailable)
rMut   .         Warding  .     (boots unavailable)
Saprov + . .     Stasis   .     (no amulet)
MR     .....                    o - ring of protection from cold
                                s - ring of wizardry

@: very slightly contaminated, not resistant to hostile enchantments, unstealthy
A: unfitting armour, fast metabolism 1, saprovore 1, tough skin 1
a: no special abilities


You were on level 4 of the Dungeon.
You were not hungry.

You visited 1 branch of the dungeon, and saw 4 of its levels.

You collected 190 gold pieces.

Inventory:

Missiles
 b - 12 arrows
Armour
 c - a +0 robe (worn)
Magical devices
 r - a wand of flame (3)
Comestibles
 a - 7 meat rations
 g - a chunk of bat flesh
 q - 2 bread rations
 v - 2 rotting chunks of worker ant flesh
Scrolls
 h - 3 scrolls of enchant weapon II
 i - 2 scrolls of identify
 j - a scroll of remove curse {unknown}
 k - a scroll of enchant weapon I {unknown}
 l - a scroll of blinking {unknown}
 n - 2 scrolls of amnesia {unknown}
Jewellery
 o - a ring of protection from cold (right hand)
 s - a ring of wizardry (left hand)
 u - an uncursed ring of protection from fire
Potions
 e - 2 potions of haste {unknown}
 f - a potion of resistance {unknown}
 m - a potion of heal wounds {unknown}
 p - 3 potions of curing {unknown}
Books
 d - a book of Changes

   Spells                             Type                      Level
   *Beastly Appendage                 Transmutation                1
   Sticks to Snakes                   Transmutation                2
   *Spider Form                       Transmutation/Poison         3
   Ice Form                           Ice/Transmutation            4
   Blade Hands                        Transmutation                5


   Skills:
 + Level 2.9 Fighting
 + Level 2.1 Dodging
 * Level 3.6 Unarmed Combat
 - Level 3.0 Spellcasting
 + Level 1.9 Transmutations


You had 5 spell levels left.
You knew the following spells:

 Your Spells              Type           Power        Failure   Level  Hunger
a - Beastly Appendage     Trmt           #.....       4%          1    #......
b - Spider Form           Trmt/Pois      #.........   26%         3    ####...


Dungeon Overview and Level Annotations

Branches:
Dungeon (4/15)
 Temple: D:4-7

Altars:

Annotations:
D:4 sohrabkorkchi's ghost, average CeBe


Innate Abilities, Weirdness & Mutations

You are too large for most types of armour.
You have a fast metabolism.
You can tolerate rotten meat.
You have tough skin (AC +1).*


Message History

The jackal skeleton bites you but does no damage.
You hit the jackal skeleton.
You destroy the jackal skeleton!
You feel sick.
Sohrabkorkchi's ghost barely misses you.
You feel sick. Sohrabkorkchi's ghost hits you!
Sohrabkorkchi's ghost shrieks, "Death is your only future!"
Sohrabkorkchi's ghost hits you.
You feel sick.
Sohrabkorkchi's ghost barely misses you.
You feel sick. Sohrabkorkchi's ghost hits you.
Sohrabkorkchi's ghost hits you but does no damage.
You feel sick.
You are no longer poisoned.
Sohrabkorkchi's ghost hits you.
* * * LOW HITPOINT WARNING * * *
Sohrabkorkchi's ghost hits you.
* * * LOW HITPOINT WARNING * * *
Sohrabkorkchi's ghost hits you!
You die...

# #########.........# ...#
##..<.....# ...#
####...##....# ...
.............# #.#
####...##....# ##.##
##.####.(.# #...# #...#
#...####
#...#########...###......#
...............p@.....<..#
.#..#########...#####.>..#
#..# #...# #.#### .#..##
##.## #.# .#...# #.# #..
.#...# #.# ... .#...# #.#
.... ....## #.# ...# ....#
..# .


You could see sohrabkorkchi's ghost.

Vanquished Creatures
  A worker ant (D:4)
  3 adders
  A giant eyeball (D:4)
  An orc (D:3)
  5 bats
  6 giant cockroaches
  7 hobgoblins
  A quokka (D:3)
  A giant gecko (D:3)
  2 giant newts
  2 goblins
  A jackal skeleton (D:4)
  8 kobolds
  6 rats
45 creatures vanquished.

Notes
Turn   | Place    | Note
--------------------------------------------------------------
     0 | D:1      | HollowCharge, the Ogre Transmuter, began the quest for the Orb.
     0 | D:1      | Reached XP level 1. HP: 19/19 MP: 3/3
   256 | D:1      | Reached XP level 2. HP: 21/28 MP: 5/5
   946 | D:2      | Reached skill level 3 in Unarmed Combat
  1099 | D:2      | Reached XP level 3. HP: 32/35 MP: 4/6
  2127 | D:3      | Reached XP level 4. HP: 8/44 MP: 7/9
  2436 | D:3      | Learned a level 3 spell: Spider Form
  2657 | D:4      | Noticed sohrabkorkchi's ghost (average CeBe)
  2879 | D:4      | Paralysed by a giant eyeball for 3 turns
  2886 | D:4      | Paralysed by a giant eyeball for 3 turns
  2948 | D:4      | Slain by sohrabkorkchi's ghost

Action                   |  1- 3 |  4- 6 || total
-------------------------+-------+-------++-------
Melee: Unarmed           |   195 |    39 ||   234
 Cast: Beastly Appendage |     8 |     1 ||     9
       Spider Form       |       |     1 ||     1
Evoke: Wand              |       |     1 ||     1
  Use: Scroll            |       |     5 ||     5
